 Dungeon Crawl Stone Soup version 0.21.1-1-g345015f (webtiles) character file.

705 kaesh the Ruffian (level 7, 0/67 HPs)
             Began as a Troll Monk on Mar 2, 2018.
             Slain by an orc priest
             ... wielding a +0 trident
              (2 damage)
             ... on level 5 of the Dungeon.
             The game lasted 00:12:51 (3932 turns).

kaesh the Ruffian (Troll Monk)                      Turns: 3932, Time: 00:12:51

Health: 0/67       AC:  7    Str: 22    XL:     7   Next: 39%
Magic:  6/6        EV: 11    Int: 10    God:
Gold:   151        SH:  0    Dex: 12    Spells: 6/6 levels left

rFire    + . .     SeeInvis .     - Unarmed
rCold    . . .     Gourm    +   (no shield)
rNeg     . . .     Faith    +   j - +2 robe
rPois    .         Spirit   .   (helmet restricted)
rElec    .         Reflect  .   (no cloak)
rCorr    .         Harm     .   (gloves unavailable)
MR       .....                  (boots unavailable)
Stlth    ++........             e - amulet of faith
HPRegen  0.61/turn              d - +4 ring of intelligence
MPRegen  0.10/turn              h - ring of protection from fire

@: no status effects
A: large, unfitting armour, claws 3, fast metabolism 3, gourmand, regeneration
1, shaggy fur 1, tough skin 2
a: no special abilities


You were on level 5 of the Dungeon.
You were completely stuffed.

You visited 1 branch of the dungeon, and saw 5 of its levels.
You also visited: Sewer.

You collected 151 gold pieces.

Inventory:

Armour
 a - a +1 robe
 j - a +2 robe (worn)
Jewellery
 d - a +4 ring of intelligence (left claw)
 e - an amulet of faith (around neck)
 h - a ring of protection from fire (right claw)
Wands
 q - a wand of iceblast (2)
Scrolls
 c - a scroll of immolation
 f - 4 scrolls of identify
 g - 2 scrolls of magic mapping
 k - a scroll of remove curse
 l - 2 scrolls of teleportation
Potions
 i - a potion of might
 m - a potion of cancellation {unknown}
 n - a potion of brilliance {unknown}
 o - a potion of curing {unknown}
Comestibles
 b - 10 rations
 p - 8 chunks of flesh


   Skills:
 + Level 3.1 Fighting
 + Level 4.1 Dodging
 - Level 1.0 Stealth
 + Level 7.3 Unarmed Combat


You had 6 spell levels left.
You didn't know any spells.

Dungeon Overview and Level Annotations

Branches:
Dungeon (5/15)
 Temple: D:4-7

Altars:
Ashenzari
Dithmenos
Elyvilon
Fedhas
Gozag
Nemelex Xobeh

Annotations:
D:5 bmj180's ghost, novice HOFi


Innate Abilities, Weirdness & Mutations

You are too large for most types of armour.
You have claws for hands.
Your metabolism is lightning-fast.
You like to eat raw meat.
Your natural rate of healing is unusually fast.
You are covered in fur. (AC +1)
You have very tough skin. (AC +2)


Message History

You scratch bmj180's ghost.
Bmj180's ghost is heavily damaged.
Bmj180's ghost hits you.
* * * LOW HITPOINT WARNING * * *
The orc hits you but does no damage.
The orc wizard hits you but does no damage.
The orc priest hits you from afar with a trident.
* * * LOW HITPOINT WARNING * * *
You claw bmj180's ghost!
Bmj180's ghost is severely damaged.
Bmj180's ghost hits you.
* * * LOW HITPOINT WARNING * * *
The orc wizard hits you with a dagger.
* * * LOW HITPOINT WARNING * * *
The orc hits you with a club.
* * * LOW HITPOINT WARNING * * *
You barely miss bmj180's ghost.
Bmj180's ghost is severely damaged.
The orc priest hits you from afar with a trident.
You die...

##.......##
#.........#
##.........#
...........#
≈..........##
≈...........###
...........<..#
≈#.......W.##..#
#.......@.# .W..
#.......oo# ##.#
#......!os# .
##.......##
..........
<.###.....
##.... #.....


You could see an orc priest, an orc wizard, bmj180's ghost, an orc and a giant
cockroach.

Vanquished Creatures
  An ogre (D:4)
  2 bullfrogs (Sewer)
  A scorpion (D:4)
  2 hounds (D:4)
  A jelly (D:3)
  Jessica (D:3)
  3 worker ants (D:4)
  2 orc wizards (D:3)
  7 adders
  3 oozes
  An adder zombie (D:5)
  3 worms
  5 dart slugs
  4 leopard geckos
  5 orcs (D:3)
  6 ball pythons
  9 giant cockroaches
  14 hobgoblins
  6 jackals
  5 kobolds
  A quokka (D:4)
  6 bats
  15 frilled lizards
  2 goblins
  12 rats
117 creatures vanquished.

Vanquished Creatures (others)
  A fungus (D:2)
1 creature vanquished.

Grand Total: 118 creatures vanquished

Notes
Turn   | Place    | Note
-------+----------+-------------------------------------------
     0 | D:1      | kaesh the Troll Monk began the quest for the Orb.
     0 | D:1      | Reached XP level 1. HP: 22/22 MP: 0/0
   184 | D:1      | Reached XP level 2. HP: 25/29 MP: 1/1
   529 | D:1      | Reached XP level 3. HP: 35/36 MP: 2/2
  1133 | D:2      | Found a white marble altar of Elyvilon.
  1425 | D:2      | Reached skill level 4 in Unarmed Combat
  1438 | D:2      | Found a shattered altar of Ashenzari.
  1442 | D:2      | Saw a vision of the Swamp and the Snake Pit.
  1442 | D:2      | Noticed an anaconda
  1442 | D:2      | Noticed a shock serpent
  1442 | D:2      | Noticed a mana viper
  1442 | D:2      | Noticed a black mamba
  1442 | D:2      | Noticed a naga mage
  1442 | D:2      | Noticed a salamander
  1442 | D:2      | Noticed a mana viper
  1442 | D:2      | Noticed a water moccasin
  1442 | D:2      | Noticed a water moccasin
  1442 | D:2      | Noticed a black mamba
  1444 | D:2      | Noticed a bullfrog
  1647 | D:3      | Found a blossoming altar of Fedhas.
  1679 | D:3      | Reached XP level 4. HP: 18/44 MP: 3/3
  1691 | D:3      | HP: 2/45 [something/magic dart (9)]
  1692 | D:3      | Noticed Jessica
  1708 | D:3      | Killed Jessica
  1708 | D:3      | Reached XP level 5. HP: 5/53 MP: 4/4
  1775 | D:3      | Reached skill level 5 in Unarmed Combat
  1883 | D:3      | Found a glowing drain.
  1910 | Sewer    | Entered a sewer
  2165 | Sewer    | Reached XP level 6. HP: 60/61 MP: 5/5
  2180 | Sewer    | Reached skill level 6 in Unarmed Combat
  2539 | D:3      | Found an opulent altar of Gozag.
  3262 | D:4      | Found a shadowy altar of Dithmenos.
  3368 | D:4      | Reached XP level 7. HP: 67/67 MP: 6/6
  3501 | D:4      | Found a sparkling altar of Nemelex Xobeh.
  3717 | D:4      | Reached skill level 7 in Unarmed Combat
  3908 | D:5      | Entered Level 5 of the Dungeon
  3916 | D:5      | Noticed bmj180's ghost (novice HOFi)
  3931 | D:5      | HP: 2/67 [orc/club (3)]
  3932 | D:5      | Slain by an orc priest

Skill      XL: |  1  2  3  4  5  6  7 |
---------------+----------------------+-----
Unarmed Combat | 4 5 6 7 |  7.3
Dodging        | 3 4 |  4.1
Fighting       | 3 |  3.1
Stealth        | |  1.0

Action                   |  1- 3 |  4- 6 |  7- 9 || total
-------------------------+-------+-------+-------++-------
Melee: Unarmed           |   105 |   139 |    31 ||   275
       Punch             |     1 |     1 |     3 ||     5
Evoke: Wand              |       |       |     3 ||     3
  Use: Scroll            |    10 |     2 |       ||    12
       Potion            |     3 |       |       ||     3
 Stab: Sleeping          |     7 |     1 |       ||     8
  Eat: Chunk             |    20 |    18 |     5 ||    43
Armor: Robe              |    36 |    45 |     7 ||    88
Dodge: Dodged            |    49 |    93 |    11 ||   153
